 Dungeon Crawl Stone Soup version 0.24.0-13-gcf9b319 (webtiles) character file.

Game seed: 6865033207294232481, levelgen mode: deterministic

93 Bronimir the Poker (level 4, -1/37 HPs)
             Began as a Centaur Warper on Mar 29, 2020.
             Slain by an orc
             ... wielding a +0 flail
              (8 damage)
             ... on level 3 of the Dungeon.
             The game lasted 00:06:36 (4416 turns).

Bronimir the Poker (Centaur Warper)                 Turns: 4416, Time: 00:06:37

Health: -1/37      AC:  4    Str: 14    XL:     4   Next: 36%
Magic:  4/6        EV:  9    Int: 12    God:
Gold:   23         SH:  0    Dex:  9    Spells: 2/6 levels left

rFire    . . .     SeeInvis .   a - +0 spear
rCold    . . .     Gourm    .   (no shield)
rNeg     . . .     Faith    .   b - +0 leather armour
rPois    .         Spirit   .   (no helmet)
rElec    .         Reflect  .   (no cloak)
rCorr    .         Harm     .   (no gloves)
MR       .....                  (no barding)
Stlth    ..........             (no amulet)
HPRegen  0.12/turn              (no ring)
MPRegen  0.10/turn              (no ring)

@: very slightly contaminated, very quick
A: large, hooves 3, deformed body, speed 2, tough skin 3
a: no special abilities


You were on level 3 of the Dungeon.
You were not hungry.

You visited 1 branch of the dungeon, and saw 3 of its levels.

You collected 23 gold pieces.

Inventory:

Hand Weapons
 a - a +0 spear (weapon)
Missiles
 e - a poisoned dart (quivered)
 g - 112 stones
Armour
 b - a +0 leather armour (worn)
 l - a +0 ring mail
Scrolls
 c - 3 scrolls of identify {unknown}
 d - 2 scrolls of blinking
 h - a scroll of enchant armour {unknown}
 j - 2 scrolls of enchant weapon {unknown}
Potions
 i - a potion of cancellation {unknown}
 k - a potion of invisibility {unknown}
 m - a potion of might
Comestibles
 f - 6 rations


   Skills:
 + Level 2.3 Fighting
 * Level 3.1 Polearms
 + Level 1.1 Throwing
 * Level 1.6 Armour
 + Level 1.8 Dodging
 + Level 1.6 Spellcasting
 + Level 2.7 Translocations


You had 2 spell levels left.
You knew the following spells:

 Your Spells              Type           Power        Failure   Level  Hunger
a - Blink                 Tloc           N/A          17%         2    ###....
b - Shroud of Golubria    Chrm/Tloc      #.....       30%         2    ###....

Your spell library contained the following spells:

 Spells                   Type           Power        Failure   Level  Hunger
 Gell's Gravitas          Tloc           #.........   34%         3    ####...
 Lesser Beckoning         Tloc           #.........   34%         3    ####...
 Teleport Other           Tloc           #.......     34%         3    ####...
 Passage of Golubria      Tloc           N/A          75%         4    #####..


Dungeon Overview and Level Annotations

Branches:
Dungeon (3/15)

Altars:
Qazlal
Yredelemnul

Annotations:
D:3 Sigmund


Innate Abilities, Weirdness & Mutations

You have hooves in place of feet.
Armour fits poorly on your strangely shaped body.
You cover ground very quickly.
You have extremely tough skin. (AC +3)


Message History

The orc priest invokes the aid of Beogh against you.
Pain shoots through your body! The orc closely misses you.
Casting: Shroud of Golubria (safe; 30% risk of failure)
Confirm with . or Enter, or press ? or * to list all spells.
You miscast Shroud of Golubria.
You are very lightly contaminated with residual magic.
Your skin tingles.
The orc priest hits you. The orc barely misses you.
You hit the orc priest. You kick the orc priest.
The orc priest is severely wounded.
The orc priest invokes the aid of Beogh against you.
Beogh smites you!
* * * LOW HITPOINT WARNING * * *
You hit the orc priest but do no damage.
Your kick misses the orc priest.
The orc priest is severely wounded.
The orc closely misses you. The orc priest barely misses you.
You hit the orc priest but do no damage.
The orc priest is severely wounded.
The orc hits you with a +0 flail!
You die...

........((((...........
.≈≈≈≈..≈≈≈≈≈≈.(..≈≈≈≈≈.
≈≈≈≈≈≈≈≈≈≈≈≈((....≈≈≈≈≈
≈≈≈≈≈≈≈≈≈≈≈≈≈.(...≈≈≈≈≈
≈≈≈≈≈≈≈≈≈≈≈≈≈.(..≈≈≈≈≈≈
##############'(######
#....# #....# #...@#
#...ooo# +......'.
#.!....#...
##....###### #....#
#....# ######


You could see 2 orc priests and an orc.

Vanquished Creatures
  2 adders
  An ooze (D:1)
  2 worms (D:2)
  2 dart slugs (D:1)
  A leopard gecko (D:1)
  3 bats
  2 giant cockroaches (D:2)
  2 gnoll zombies (D:2)
  6 goblins
  8 hobgoblins
  7 jackals (D:1)
  12 kobolds
  3 frilled lizards
  3 rats
54 creatures vanquished.

Notes
Turn   | Place    | Note
-------+----------+-------------------------------------------
     0 | D:1      | Bronimir the Centaur Warper began the quest for the Orb.
     0 | D:1      | Reached XP level 1. HP: 17/17 MP: 3/3
    28 | D:1      | Reached skill level 2 in Polearms
   142 | D:1      | Reached XP level 2. HP: 13/24 MP: 4/4
   668 | D:1      | Reached XP level 3. HP: 24/29 MP: 5/5
  1228 | D:1      | Reached skill level 1 in Armour
  1694 | D:2      | Reached skill level 3 in Polearms
  1725 | D:2      | Learned a level 2 spell: Blink
  1728 | D:2      | Learned a level 2 spell: Shroud of Golubria
  2175 | D:2      | Reached XP level 4. HP: 29/37 MP: 6/6
  2454 | D:2      | Found a stormy altar of Qazlal.
  2601 | D:2      | Found a basalt altar of Yredelemnul.
  2761 | D:3      | Noticed Sigmund
  3733 | D:3      | HP: 1/37 [Sigmund/+0 scythe (8)]
  4416 | D:3      | Slain by an orc

Levels and vault maps discovered:
D:1:      eino_arrival_tree_alley, layout_loops_cross
D:2:      layout_rooms, lemuel_zombie_altar_yredelemnul,
          nicolae_qazlal_eye_of_the_storm
D:3:      minmay_goblin_kobold_castle, layout_basic, first_ration, uniq_sigmund

Skill      XL: |  1  2  3 |
---------------+----------+-----
Polearms       | 2 3 |  3.1
Armour         | 1 |  1.6
Fighting       | |  2.3
Throwing       | |  1.1
Dodging        | |  1.8
Spellcasting   | |  1.6
Translocations | |  2.7

Action                   |  1- 3 |  4- 6 || total
-------------------------+-------+-------++-------
Melee: Spear             |   170 |    85 ||   255
       Kick              |    25 |     8 ||    33
Throw: Boomerang         |     5 |       ||     5
       Dart              |       |    20 ||    20
       Stone             |       |     3 ||     3
 Cast: Shroud of Golubri |     1 |     5 ||     6
  Use: Potion            |     2 |       ||     2
       Scroll            |       |     1 ||     1
 Stab: Invisible         |       |     1 ||     1
  Eat: Chunk             |     3 |     1 ||     4
       Ration            |       |     2 ||     2
Armor: Leather armour    |    51 |    16 ||    67
Dodge: Dodged            |    78 |    52 ||   130
